TOP OF THE 1ST |
Charleston Battery batting - Pitching for Nashville Outlaws : RHP Ralph Minor
|
Pitching: RHP Ralph Minor
|
|
Batting: LHB Rafael Urrutiz
|
0-0: Ball 1-0: Swinging Strike 1-1: Swinging Strike 1-2: Foul Ball, location: 2F 1-2: Strikes out swinging
|
Batting: LHB Joey Coco
|
0-0: Called Strike 0-1: Ball 1-1: Foul Ball, location: 2F 1-2: SINGLE (Line Drive, 4M, EV 97.5 MPH)
|
Batting: RHB Vesa Karpinen
|
0-0: Ball 1-0: Called Strike 1-1: Called Strike 1-2: Ball 2-2: Ball 3-2: Foul Ball, location: 2F 3-2: Base on Balls Joey Coco to second
|
Batting: LHB Benno Luby
|
0-0: Fly out, F5 (Popup, 5SF, EV 76.9 MPH)
|
Batting: LHB Datu Lesaca
|
0-0: SINGLE (Line Drive, 8LS, EV 87.5 MPH) Joey Coco to third Vesa Karpinen to second Runner from 3rd tries for Home, SAFE, throw by CF to home
|
Batting: RHB Mark Merry
|
0-0: Ball 1-0: Swinging Strike 1-1: Ball 2-1: Swinging Strike 2-2: Foul Ball, location: 2F 2-2: Fielders Choice at 2nd, 6-4 (Groundball, 6, EV 88.1 MPH)
|
Top of the 1st over - 1 run, 2 hits, 0 errors, 2 left on base; Charleston 1 - Nashville 0 |
BOTTOM OF THE 1ST |
Nashville Outlaws batting - Pitching for Charleston Battery : RHP Scotty Bingham
|
Pitching: RHP Scotty Bingham
|
|
Batting: LHB Juan Caro
|
0-0: Called Strike 0-1: Ball 1-1: Foul Ball, location: 2F 1-2: Foul Ball, location: 2F 1-2: Foul Ball, location: 2F 1-2: TRIPLE (Flyball, 78XD, EV 96.2 MPH)
|
Batting: LHB Juan Santángel
|
0-0: Called Strike 0-1: Ground out 6-3 (Groundball, 6, EV 103.1 MPH) Juan Caro scores
|
Batting: RHB Javier Sierra
|
0-0: Ground out U3 (Groundball, 3, EV 86.2 MPH)
|
Batting: LHB Nikolai Volkoff
|
0-0: Foul Ball, location: 2F 0-1: Foul Ball, location: 2F 0-2: Ball 1-2: SINGLE (Groundball, 56D, EV 98.8 MPH)
|
Batting: RHB Jong-yun Rhee
|
0-0: Ball 1-0: Swinging Strike 1-1: Ball 2-1: Foul Ball, location: 2F 2-2: Ball 3-2: Base on Balls Nikolai Volkoff to second
|
Batting: LHB Bartolo Soto
|
0-0: Ball 1-0: Ball 2-0: Ball 3-0: Called Strike 3-1: Base on Balls Nikolai Volkoff to third Jong-yun Rhee to second
|
Batting: LHB Duff Eckstein
|
0-0: Foul Ball, location: 2F 0-1: Ball 1-1: Fly out, F8 (Flyball, 8RS, EV 83.8 MPH)
|
Bottom of the 1st over - 1 run, 2 hits, 0 errors, 3 left on base; Charleston 1 - Nashville 1 |
TOP OF THE 2ND |
Charleston Battery batting - Pitching for Nashville Outlaws : RHP Ralph Minor
|
Batting: LHB Alfonso López
|
0-0: Ball 1-0: Foul Ball, location: 2F 1-1: Foul Ball, location: 2F 1-2: Ball 2-2: Strikes out swinging
|
Batting: RHB Chris Gordon
|
0-0: Called Strike 0-1: Swinging Strike 0-2: Strikes out swinging
|
Batting: RHB Torajiro Ogawa
|
0-0: Swinging Strike 0-1: Ball 1-1: Foul Ball, location: 2F 1-2: Foul Ball, location: 2F 1-2: Fly out, F8 (Flyball, 8RS, EV 86.2 MPH)
|
Top of the 2nd over - 0 runs, 0 hits, 0 errors, 0 left on base; Charleston 1 - Nashville 1 |
BOTTOM OF THE 2ND |
Nashville Outlaws batting - Pitching for Charleston Battery : RHP Scotty Bingham
|
Batting: RHB Mike Case
|
0-0: Ball 1-0: Ball 2-0: Called Strike 2-1: DOUBLE (Line Drive, 7LS, EV 106.9 MPH)
|
Batting: LHB Jorge Mateu
|
0-0: Ball 1-0: Ball 2-0: Called Strike 2-1: SINGLE (Line Drive, 7LS, EV 110.6 MPH) Mike Case to third Runner from 3rd tries for Home, SAFE, no throw by LF
|
Batting: LHB Juan Caro
|
0-0: Ball 1-0: Ball 2-0: Fielders Choice at 2nd, 6-4 (Groundball, 6, EV 90.0 MPH)
|
Batting: LHB Juan Santángel
|
0-0: Ball Juan Caro steals 2nd base 1-0: Ball 2-0: Called Strike 2-1: Ball 3-1: Foul Ball, location: 2F 3-2: Fly out, F9 (Flyball, 9S, EV 77.5 MPH)
|
Batting: RHB Javier Sierra
|
0-0: Called Strike 0-1: SINGLE (Groundball, 4D, EV 106.2 MPH) Juan Caro to third Runner from 3rd tries for Home, SAFE, no throw by CF
|
Batting: LHB Nikolai Volkoff
|
0-0: SINGLE (Line Drive, 78M, EV 109.4 MPH) Javier Sierra to second
|
Batting: RHB Jong-yun Rhee
|
0-0: Fly out, F4 (Popup, 34S, EV 73.8 MPH)
|
Bottom of the 2nd over - 2 runs, 4 hits, 0 errors, 2 left on base; Charleston 1 - Nashville 3 |
TOP OF THE 3RD |
Charleston Battery batting - Pitching for Nashville Outlaws : RHP Ralph Minor
|
Batting: LHB Rafael Urrutiz
|
0-0: SINGLE (Groundball, 4D, EV 111.9 MPH)
|
Batting: LHB Joey Coco
|
0-0: Called Strike 0-1: Ball Rafael Urrutiz is caught stealing 2nd base 2-6 1-1: Ball 2-1: Foul Ball, location: 2F 2-2: Ground out 4-3 (Groundball, 4D, EV 109.4 MPH)
|
Batting: RHB Vesa Karpinen
|
0-0: Ball 1-0: Called Strike 1-1: Ball 2-1: Ground out 1-3 (Groundball, P, EV 68.8 MPH)
|
Top of the 3rd over - 0 runs, 1 hit, 0 errors, 0 left on base; Charleston 1 - Nashville 3 |
BOTTOM OF THE 3RD |
Nashville Outlaws batting - Pitching for Charleston Battery : RHP Scotty Bingham
|
Batting: LHB Bartolo Soto
|
0-0: Ball 1-0: Foul Ball, location: 2F 1-1: Foul Ball, location: 2F 1-2: Ground out 1-3 (Groundball, P, EV 81.9 MPH)
|
Batting: LHB Duff Eckstein
|
0-0: Called Strike 0-1: Ground out 4-3 (Groundball, 4, EV 103.8 MPH)
|
Batting: RHB Mike Case
|
0-0: Ball 1-0: Called Strike 1-1: Swinging Strike 1-2: Fly out, F8 (Flyball, 8RXD, EV 108.8 MPH)
|
Bottom of the 3rd over - 0 runs, 0 hits, 0 errors, 0 left on base; Charleston 1 - Nashville 3 |
TOP OF THE 4TH |
Charleston Battery batting - Pitching for Nashville Outlaws : RHP Ralph Minor
|
Batting: LHB Benno Luby
|
0-0: Swinging Strike 0-1: Ball 1-1: SINGLE (Groundball, 34D, EV 105.0 MPH)
|
Batting: LHB Datu Lesaca
|
0-0: Foul Ball, location: 2F 0-1: Ball 1-1: Ball 2-1: Fielders Choice at 2nd, 4-6 (Groundball, 4, EV 85.6 MPH)
|
Batting: RHB Mark Merry
|
0-0: Ball Datu Lesaca steals 2nd base 1-0: Called Strike Datu Lesaca steals 3rd base 1-1: Ground out 4-3 (Groundball, 4, EV 78.1 MPH) Datu Lesaca scores
|
Batting: LHB Alfonso López
|
0-0: Ball 1-0: Ground out 3-1 (Groundball, 34, EV 87.5 MPH)
|
Top of the 4th over - 1 run, 1 hit, 0 errors, 0 left on base; Charleston 2 - Nashville 3 |
BOTTOM OF THE 4TH |
Nashville Outlaws batting - Pitching for Charleston Battery : RHP Scotty Bingham
|
Batting: LHB Jorge Mateu
|
0-0: Ball 1-0: Called Strike 1-1: Fly out, F7 (Line Drive, 7D, EV 90.6 MPH)
|
Batting: LHB Juan Caro
|
0-0: Swinging Strike 0-1: Ball 1-1: Foul Ball, location: 2F 1-2: SINGLE (Groundball, 34D, EV 101.2 MPH)
|
Batting: LHB Juan Santángel
|
0-0: Ball 1-0: Foul Ball, location: 2F 1-1: Ball 2-1: Ball 3-1: Foul Ball, location: 2F 3-2: Foul Ball, location: 2F 3-2: Fly out, F5 (Line Drive, 5, EV 67.5 MPH)
|
Batting: RHB Javier Sierra
|
0-0: Called Strike 0-1: Ball 1-1: Ball 2-1: Ball 3-1: SINGLE (Line Drive, 78M, EV 88.1 MPH) Juan Caro to second
|
Batting: LHB Nikolai Volkoff
|
0-0: Foul Ball, location: 2F 0-1: Fly out, F4 (Popup, 34S, EV 84.4 MPH)
|
Bottom of the 4th over - 0 runs, 2 hits, 0 errors, 2 left on base; Charleston 2 - Nashville 3 |
TOP OF THE 5TH |
Charleston Battery batting - Pitching for Nashville Outlaws : RHP Ralph Minor
|
Batting: RHB Chris Gordon
|
0-0: Ball 1-0: Swinging Strike 1-1: Swinging Strike 1-2: Foul Ball, location: 2F 1-2: Foul Ball, location: 2F 1-2: Ball 2-2: Strikes out looking
|
Batting: RHB Torajiro Ogawa
|
0-0: Foul Ball, location: 2F 0-1: Reached on error, E5 (Groundball, 56S, EV 67.5 MPH)
|
Batting: LHB Rafael Urrutiz
|
0-0: Ball 1-0: Called Strike 1-1: Foul Ball, location: 2F 1-2: Strikes out swinging
|
Batting: LHB Joey Coco
|
0-0: Ball 1-0: Called Strike 1-1: Swinging Strike 1-2: Ball 2-2: Strikes out swinging
|
Top of the 5th over - 0 runs, 0 hits, 1 error, 1 left on base; Charleston 2 - Nashville 3 |
BOTTOM OF THE 5TH |
Nashville Outlaws batting - Pitching for Charleston Battery : RHP Scotty Bingham
|
Batting: RHB Jong-yun Rhee
|
0-0: Ball 1-0: Ball 2-0: Fly out, F3 (Popup, 3SF, EV 85.0 MPH)
|
Batting: LHB Bartolo Soto
|
0-0: Called Strike 0-1: Ball 1-1: Foul Ball, location: 2F 1-2: Ball 2-2: Ball 3-2: SINGLE (Groundball, 34D, EV 103.1 MPH)
|
Batting: LHB Duff Eckstein
|
0-0: Called Strike Bartolo Soto steals 2nd base 0-1: Ball Wild Pitch! Bartolo Soto to third 1-1: Foul Ball, location: 2F 1-2: Ball 2-2: Ball 3-2: Foul Ball, location: 2F 3-2: Strikes out swinging
|
Batting: RHB Mike Case
|
0-0: Foul Ball, location: 2F 0-1: Ball 1-1: Foul Ball, location: 2F 1-2: Ball 2-2: Ball 3-2: Fly out, F4 (Line Drive, 4, EV 70.0 MPH)
|
Bottom of the 5th over - 0 runs, 1 hit, 0 errors, 1 left on base; Charleston 2 - Nashville 3 |
TOP OF THE 6TH |
Charleston Battery batting - Pitching for Nashville Outlaws : RHP Ralph Minor
|
Batting: RHB Vesa Karpinen
|
0-0: Called Strike 0-1: Foul Ball, location: 2F 0-2: Ball 1-2: Fly out, F8 (Flyball, 8LM, EV 86.9 MPH)
|
Batting: LHB Benno Luby
|
0-0: Called Strike 0-1: Ball 1-1: Ground out 4-3 (Groundball, 4, EV 85.6 MPH)
|
Batting: LHB Datu Lesaca
|
0-0: Foul Ball, location: 2F 0-1: Ball 1-1: Called Strike 1-2: Ball 2-2: SINGLE (Groundball, 34D, EV 96.2 MPH)
|
Batting: RHB Mark Merry
|
0-0: Called Strike 0-1: Ball 1-1: Called Strike 1-2: Ball 2-2: Ball Datu Lesaca steals 2nd base (no throw) 3-2: Base on Balls
|
Batting: LHB Alfonso López
|
0-0: Ball 1-0: Swinging Strike 1-1: Ball 2-1: Called Strike 2-2: Ball 3-2: Fly out, F6 (Flyball, 6D, EV 83.1 MPH)
|
Top of the 6th over - 0 runs, 1 hit, 0 errors, 2 left on base; Charleston 2 - Nashville 3 |
BOTTOM OF THE 6TH |
Nashville Outlaws batting - Pitching for Charleston Battery : RHP Scotty Bingham
|
Pitching: LHP Paco Salazar
|
|
Batting: LHB Jorge Mateu
|
0-0: Foul Ball, location: 2F 0-1: Swinging Strike 0-2: DOUBLE (Line Drive, 78D, EV 105.0 MPH)
|
Batting: LHB Juan Caro
|
0-0: Ground out U3 (Groundball, 34, EV 88.8 MPH) Jorge Mateu to third
|
Batting: LHB Juan Santángel
|
0-0: SINGLE (Groundball, 56, EV 97.5 MPH) Jorge Mateu scores
|
Batting: RHB Javier Sierra
|
0-0: Ball 1-0: Called Strike 1-1: Fly out, F9 (Line Drive, 9, EV 95.0 MPH)
|
Batting: LHB Nikolai Volkoff
|
0-0: Foul Ball, location: 2F 0-1: Ball 1-1: Ball 2-1: Foul Ball, location: 2F 2-2: DOUBLE (Flyball, 8LXD, EV 109.4 MPH) Juan Santángel to third
|
Batting: RHB Jong-yun Rhee
|
0-0: Ball 1-0: Swinging Strike 1-1: Swinging Strike 1-2: Strikes out swinging
|
Bottom of the 6th over - 1 run, 3 hits, 0 errors, 2 left on base; Charleston 2 - Nashville 4 |
TOP OF THE 7TH |
Charleston Battery batting - Pitching for Nashville Outlaws : RHP Ralph Minor
|
Pitching: RHP Tim Nesheim
|
|
Batting: RHB Chris Gordon
|
0-0: Fly out, F7 (Line Drive, 7D, EV 91.9 MPH)
|
Batting: RHB Torajiro Ogawa
|
0-0: Called Strike 0-1: Swinging Strike 0-2: Strikes out swinging
|
Batting: LHB Rafael Urrutiz
|
0-0: SOLO HOME RUN (Flyball, 9LD, EV 100.6 MPH), Distance : 346 ft
|
Batting: LHB Joey Coco
|
0-0: Called Strike 0-1: Ball 1-1: Called Strike 1-2: Foul Ball, location: 2F 1-2: Foul Ball, location: 2F 1-2: Ball 2-2: Fly out, F9 (Flyball, 9, EV 83.1 MPH)
|
Top of the 7th over - 1 run, 1 hit, 0 errors, 0 left on base; Charleston 3 - Nashville 4 |
BOTTOM OF THE 7TH |
Nashville Outlaws batting - Pitching for Charleston Battery : LHP Paco Salazar
|
Batting: LHB Bartolo Soto
|
0-0: Ball 1-0: Ball 2-0: Ground out 5-3 (Groundball, 5, EV 87.5 MPH)
|
Batting: LHB Duff Eckstein
|
0-0: Swinging Strike 0-1: Ball 1-1: Foul Ball, location: 2F 1-2: Strikes out swinging
|
Batting: RHB Mike Case
|
0-0: Foul Ball, location: 2F 0-1: Foul Ball, location: 2F 0-2: Foul Ball, location: 2F 0-2: Ball 1-2: Ball 2-2: Foul Ball, location: 2F 2-2: Fly out, F3 (Line Drive, 3, EV 65.6 MPH)
|
Bottom of the 7th over - 0 runs, 0 hits, 0 errors, 0 left on base; Charleston 3 - Nashville 4 |
TOP OF THE 8TH |
Charleston Battery batting - Pitching for Nashville Outlaws : RHP Tim Nesheim
|
Batting: RHB Vesa Karpinen
|
0-0: Called Strike 0-1: Foul Ball, location: 2F 0-2: Ball 1-2: Foul Ball, location: 2F 1-2: Ground out 1-3 (Groundball, 13S, EV 69.4 MPH)
|
Batting: LHB Benno Luby
|
0-0: Ball 1-0: Ball 2-0: Ground out 4-3 (Groundball, 34, EV 106.2 MPH)
|
Batting: LHB Datu Lesaca
|
0-0: Foul Ball, location: 2F 0-1: Ball 1-1: Foul Ball, location: 2F 1-2: Ball 2-2: Foul Ball, location: 2F 2-2: Ball 3-2: Base on Balls
|
Pitching: RHP Gerald Plomp
|
|
Batting: RHB Mark Merry
|
0-0: Ball 1-0: Ball 2-0: Called Strike 2-1: Foul Ball, location: 2F 2-2: Fly out, F7 (Line Drive, 7, EV 93.8 MPH)
|
Top of the 8th over - 0 runs, 0 hits, 0 errors, 1 left on base; Charleston 3 - Nashville 4 |
BOTTOM OF THE 8TH |
Nashville Outlaws batting - Pitching for Charleston Battery : LHP Paco Salazar
|
Pitching: LHP Rodrigo Alarcon
|
|
Batting: LHB Jorge Mateu
|
0-0: Ball 1-0: Called Strike 1-1: Swinging Strike 1-2: Foul Ball, location: 2F 1-2: Ball 2-2: Strikes out swinging
|
Batting: LHB Juan Caro
|
0-0: Foul Ball, location: 2F 0-1: Swinging Strike 0-2: Strikes out looking
|
Batting: LHB Juan Santángel
|
0-0: Ball 1-0: Called Strike 1-1: Ball 2-1: Ball 3-1: Base on Balls
|
Batting: RHB Javier Sierra
|
0-0: Ball 1-0: Foul Ball, location: 2F 1-1: Ball 2-1: Ball 3-1: Called Strike 3-2: Foul Ball, location: 2F 3-2: Ground out 4-3 (Groundball, 34, EV 102.5 MPH)
|
Bottom of the 8th over - 0 runs, 0 hits, 0 errors, 1 left on base; Charleston 3 - Nashville 4 |
TOP OF THE 9TH |
Charleston Battery batting - Pitching for Nashville Outlaws : RHP Gerald Plomp
|
Pitching: RHP Mark Zaugg
|
|
Batting: LHB Alfonso López
|
0-0: Foul Ball, location: 2F 0-1: Called Strike 0-2: Fly out, F7 (Flyball, 7S, EV 85.0 MPH)
|
Pinch Hitting: RHB Doug Allerdale
|
0-0: Swinging Strike 0-1: Ball 1-1: Called Strike 1-2: Strikes out swinging
|
Pinch Hitting: RHB Júlio Salazar
|
0-0: Ball 1-0: Ball 2-0: Swinging Strike 2-1: Swinging Strike 2-2: Ball 3-2: Strikes out looking
|
Top of the 9th over - 0 runs, 0 hits, 0 errors, 0 left on base; Charleston 3 - Nashville 4 |
|